Unix NetHack Version 3.7.0-88 Work-in-progress - last build Aug 2 2023 11:53:20 (50dcb167e66cc4b65203c8f4589b38ca9541e2bd,branch:master). Game began 2023-08-01 21:51:46, ended 2023-08-03 12:49:14. Arasaka, neutral female human Tourist ---------- ----- |.........# |.d..####|........| ------ |...| #-.........# -------- |....| |...| |........|# -------------- |.....>| |..<.| --.--####.........|# ####............b| ##.......| |....| ##### ----------# # |.%..........| |......| -.---- % # )# |.............########-....).| ### # # )# #.............| # -----%-- # # # ### #|............| * %# # ## # # #-------------- # # % # # # # # # # # # # -+--.------ # # #### ## # --.--- |(.....%.%%####)###))####### # v |.....#####|.......%%| #---------- # ---@ |....| #.......%*%| #-........|#### |$$| |..{.| |.........| |........|# |$$| |....|# ----------- |.........# ---- ------ ---------- # Arasaka the Peregrinatrix St:14 Dx:16 Co:17 In:10 Wi:11 Ch:18 Neutral Dlvl:12 $:556 HP:0(82) Pw:33(44) AC:-11 Xp:10/7361 T:19329 Satiated Burdened Latest messages: You continue digging. You hit the rock with all your might. You stop digging. The manes just misses! The manes misses! The manes misses! You continue digging. You hit the rock with all your might. You stop digging. You continue digging. You hit the rock with all your might. You stop digging. You continue digging. You make an opening in the wall. What do you want to wield? [- astFH or ?*] a - the blessed +3 Grayswandir (weapon in hand). Your silver Grayswandir sears the manes' flesh! You destroy the manes! What do you want to wield? [- astFH or ?*] You don't have that object. What do you want to wield? [- astFH or ?*] t - a pick-axe (weapon in hand). You start digging. You hit the rock with all your might. You stop digging. The energy vortex engulfs you! You feel your magical energy drain away. You hit the energy vortex. You are jolted with electricity! The air around you crackles with electricity. You feel your magical energy drain away. What do you want to wield? [- astFH or ?*] You are blasted by Grayswandir's power! a - the blessed +3 Grayswandir (weapon in hand). The air around you crackles with electricity. You feel your magical energy drain away. The air around you crackles with electricity. You feel your magical energy drain away. The air around you crackles with electricity. You feel your magical energy drain away. You get expelled! You hit the energy vortex! You are jolted with electricity! The energy vortex misses! The energy vortex misses! The energy vortex misses! The energy vortex misses! You hit the energy vortex! You are jolted with electricity! You die... Inventory: Coins ('$') $ - 556 gold pieces Weapons (')') F - 5 uncursed +2 darts H - 26 uncursed +2 darts (at the ready) a - the blessed +3 Grayswandir (weapon in hand) Armor ('[') y - an uncursed +0 orcish helm (being worn) p - an uncursed very burnt +0 pair of jumping boots (being worn) n - an uncursed +0 pair of speed boots i - a blessed +1 dwarvish roundshield (being worn) C - an uncursed very burnt +3 leather cloak (being worn) A - a blessed greased +2 gray dragon scale mail (being worn) Comestibles ('%') J - 2 uncursed carrots f - 5 uncursed food rations b - an uncursed fortune cookie d - an uncursed lembas wafer I - 2 uncursed lembas wafers u - 2 uncursed tripe rations c - an uncursed egg Scrolls ('?') m - a blessed scroll of remove curse x - an uncursed scroll of remove curse Rings ('=') h - an uncursed ring of cold resistance N - an uncursed +2 ring of gain strength (on left hand) v - an uncursed ring of poison resistance k - an uncursed ring of see invisible Wands ('/') L - an uncursed wand of create monster (0:13) r - an uncursed wand of digging (0:5) g - an uncursed wand of light (0:11) j - an uncursed wand of secret door detection (0:9) e - an uncursed wand of speed monster (0:3) P - an uncursed wand of teleportation (0:3) Tools ('(') z - an uncursed sack containing 20 items w - an uncursed frost horn (0:3) l - an uncursed expensive camera (0:82) o - an uncursed oil lamp t - an uncursed +0 pick-axe U - an uncursed skeleton key B - an uncursed towel s - an uncursed +0 unicorn horn Gems/Stones ('*') G - an uncursed luckstone Contents of the sack: an uncursed +0 Hawaiian shirt with a sailboat motif 2 uncursed scrolls of earth an uncursed scroll of identify 2 uncursed scrolls of identify a blessed scroll of magic mapping an uncursed scroll of magic mapping 3 uncursed scrolls of magic mapping an uncursed scroll of scare monster a blessed scroll of teleportation an uncursed ring of levitation an uncursed wand of cancellation (0:5) an uncursed wand of cancellation (0:3) an uncursed wand of digging (0:5) an uncursed wand of digging (0:5) an uncursed wand of light (0:10) an uncursed wand of magic missile (0:7) an uncursed wand of striking (0:7) an uncursed wand of striking (0:6) an uncursed wand of wishing (1:3) an uncursed magic marker (0:80) Arasaka the Tourist's attributes: Background: You were a Peregrinatrix, a level 10 female human Tourist. You were neutral, on a mission for The Lady who was opposed by Blind Io (lawful) and Offler (chaotic). You were in the Dungeons of Doom, on level 12. You entered the dungeon 19329 turns ago. There was a full moon in effect when your adventure ended. You had 7361 experience points, 2639 more were needed to attain level 11. Basics: You had 0 out of 82 hit points. You had 33 out of 44 energy points (spell power). Your armor class was -11. Your wallet contained 556 zorkmids. Autopickup was on for '$"?' plus thrown, with exceptions. Final Characteristics: Your strength was 14 (base:12, peak:16, limit:18/100). Your dexterity was 16 (limit:18). Your constitution was 17 (peak:18, limit:18). Your intelligence was 10 (limit:18). Your wisdom was 11 (limit:18). Your charisma was 18 (limit:18). Final Status: You were satiated. You were burdened; movement was slightly slowed. You were wielding a saber. You were skilled in saber. Final Attributes: You were piously aligned. You were magic-protected. You were cold resistant. You were sleep resistant. You were poison resistant. You resisted hallucinations. You were telepathic. You had automatic searching. You could jump. You had a small defense bonus (+3). You were warded. You were lucky. You had extra luck. Bad luck did not time out for you. Good luck did not time out for you. You are dead. Miscellaneous: You disabled loading of bones levels. Total elapsed playing time was 2 hours, 42 minutes and 30 seconds. Major events: Turn 1: Arasaka the neutral female human Tourist entered the dungeon 481: entered the Gnomish Mines 1277: attained the rank of Sightseer (level 3) 3297: reached Mine Town 3488: attained the rank of Excursionist (level 6) 8770: made her first wish - "3 blessed charging", got "3 scrolls labeled HAPAX LEGOMENON" 8770: wished for "blessed greased +2 gray dragon scale mail", got "a greased gray dragon scale mail" 13782: acquired the Mines' End luckstone 14238: made her first artifact wish - "blessed +3 Grayswandir", got "a silver saber named Grayswandir" 15069: entered Sokoban 15419: completed 1st Sokoban level 15962: completed 2nd Sokoban level 18118: attained the rank of Peregrinatrix (level 10) 18160: completed 3rd Sokoban level 19329: killed by an energy vortex Vanquished creatures: a queen bee a zruty an ogre tyrant a flesh golem an elven monarch a wumpus a fire vortex an earth elemental a black naga a warg a winter wolf 2 small mimics 2 warhorses 3 xans an ettin mummy 5 trolls a pyrolisk a flaming sphere a shocking sphere a tiger a tengu an ochre jelly an energy vortex a human mummy 2 red nagas 2 wraiths a Grey-elf a watchman 3 chameleons a crocodile a giant beetle 2 quivering blobs a cockatrice 6 wolves 3 winter wolf cubs a lynx 2 panthers a gremlin 20 leprechauns an orc-captain an iron piercer 2 scorpions a horse 2 gnome rulers 2 dwarf mummies a brown pudding 2 owlbears a yeti 2 werewolves a Green-elf 3 lizards a chickatrice a dingo a dog 2 housecats 2 dwarf leaders 3 blue jellies a white unicorn a dust vortex 2 ravens 2 plains centaurs a snake 2 apes 2 human zombies a Woodland-elf 9 bugbears 2 mountain nymphs 4 Mordor orcs 2 Uruk-hai 3 orc shamans 2 rock piercers 2 rock moles 2 ponies 2 fog clouds 3 yellow lights a shrieker 4 violet fungi 16 gnome leaders 12 gnomish wizards 4 elf zombies 8 giant ants 2 little dogs 5 floating eyes 2 kittens 25 dwarves 3 homunculi a kobold leader a kobold shaman 18 hill orcs 5 rothes a rabid rat 3 giant bats an orc zombie 2 dwarf zombies a werejackal 8 iguanas 12 killer bees 3 acid blobs 4 coyotes 3 gas spores 5 hobbits 13 manes a large kobold 7 hobgoblins 11 giant rats 2 cave spiders 3 yellow molds 2 green molds a red mold 58 gnomes 2 garter snakes a gnome zombie 7 geckos 11 jackals 2 foxes 2 kobolds 4 goblins 2 sewer rats 13 grid bugs 10 lichens 5 kobold zombies 8 newts 466 creatures vanquished. No species were genocided or became extinct. Voluntary challenges: You read items or engraved 27 times. You engraved Elbereth 7 times. You never genocided any monsters. You never polymorphed an object. You never changed form. You used 3 wishes (1 for an artifact). You did not violate any of the special Sokoban rules. Achievements: You entered the Gnomish Mines. You entered a shop. You attained the rank of Sightseer. You entered Minetown. You attained the rank of Excursionist. You entered a temple. You completed the Gnomish Mines. You entered Sokoban. You attained the rank of Peregrinatrix. The Dungeons of Doom: levels 1 to 13 Level 1: A sink. Level 2: "s" Stairs down to The Gnomish Mines. Level 3: A delicatessen, some fountains. Level 4: A fountain. Level 5: A potion shop. Level 6: "s" Some fountains, a grave. Level 7: Level 8: A grave. Level 9: Many fountains. Level 10: A fountain. Stairs up to Sokoban, level 9. Level 12: <- You were here. A throne, a fountain. Final resting place for you, killed by an energy vortex. Level 13: The Gnomish Mines: levels 3 to 11 Level 3: Level 4: Level 5: Many shops, a temple, some fountains. Level 6: Level 7: Level 8: Level 9: Level 10: Level 11: Sokoban: levels 9 up to 6 Level 6: Unsolved. Level 7: Solved. Level 8: Solved. Level 9: Solved. Game over: ---------- / \ / REST \ / IN \ / PEACE \ / \ | Arasaka | | 556 Au | | killed by an | | energy vortex | | | | | | 2023 | *| * * * | * _________)/\\_//(\/(/\)/\//\/|_)_______ Aloha Arasaka the Tourist... You died in The Dungeons of Doom on dungeon level 12 with 34355 points, and 556 pieces of gold, after 19329 moves. You were level 10 with a maximum of 82 hit points when you died.